 Dungeon Crawl Stone Soup version 0.31-a0-460-g9e667d4245 (webtiles) character file.

Game seed: 14796811476301417236

711 Flugkiller the Changeling (level 7, -7/43 HPs)
             Began as a Deep Elf Shapeshifter on Aug 4, 2023.
             Was an Elder of Fedhas.
             Mangled by an iguana (12 damage)
             ... on level 5 of the Dungeon.
             The game lasted 00:09:29 (5416 turns).

Flugkiller the Changeling (Deep Elf Shapeshifter)   Turns: 5416, Time: 00:09:29

Health: -7/43      AC:  2    Str: 12    XL:     7   Next: 40%
Magic:  11/11      EV: 13    Int: 15    God:    Fedhas [****..]
Gold:   249        SH:  0    Dex: 15    Spells: 6/6 levels left

rFire   . . .        l - +3 flail (distort)
rCold   . . .        (no shield)
rNeg    . . .        a - +0 animal skin
rPois   .            (helmet currently unavailable)
rElec   .            (cloak currently unavailable)
rCorr   .            (gloves currently unavailable)
SInv    .            (boots currently unavailable)
Will    .....        (no amulet)
Stlth   +            (no ring)
HPRegen 0.27/turn    (no ring)
MPRegen 0.12/turn

%: no passive effects
@: beast-form, hasted, very quick
A: beast (slay +3)
a: Begin Untransformation, Renounce Religion, Wall of Briars, Grow
Ballistomycete, Overgrow


You were on level 5 of the Dungeon.
You worshipped Fedhas.
Fedhas was greatly pleased with you.
You were a hulking beast.
You visited 1 branch of the dungeon, and saw 5 of its levels.

You collected 249 gold pieces.

Inventory:

Hand Weapons
 f - a +0 dagger
   (You took it off a goblin on level 1 of the Dungeon)
 k - a +3 spear
   (You took it off a gnoll on level 2 of the Dungeon)
 l - a +3 flail of distortion (weapon)
   (You took it off a gnoll on level 4 of the Dungeon)
Missiles
 p - 2 curare-tipped darts (quivered)
Armour
 a - a +0 animal skin (worn)
 e - a +0 helmet
   (You found it on level 1 of the Dungeon)
 h - a +2 cloak
   (You found it on level 2 of the Dungeon)
 v - the +0 buckler of Disguise {+Inv rF++ Int+2}
   (You found it on level 4 of the Dungeon)

   Int:       It affects your intelligence (+2).
   rF:        It greatly protects you from fire.
   +Inv:      It lets you turn invisible.
Talismans
 c - a beast talisman (active)
Scrolls
 d - a scroll of butterflies
 i - a scroll of noise {unknown}
 j - a scroll of fog
 m - a scroll of enchant armour {unknown}
 t - 5 scrolls of teleportation
 u - a scroll of vulnerability {unknown}
 w - a scroll of torment
Potions
 b - a potion of lignification
 g - a potion of enlightenment {unknown}
 n - a potion of brilliance {unknown}
 o - a potion of mutation {unknown}
 q - 2 potions of curing
 s - a potion of berserk rage {unknown}
 x - a potion of heal wounds {unknown}


   Skills:
 - Level 4.0 Fighting
 + Level 2.1 Maces & Flails
 - Level 4.0 Dodging
 - Level 2.4 Unarmed Combat
 + Level 2.9 Invocations
 - Level 5.0 Shapeshifting


You had 6 spell levels left.
You didn't know any spells.
Your spell library contained the following spells:

 Spells                   Type           Power      Damage    Failure   Level
 Magic Dart               Conj           0%         1d3       26%         1
 Slow                     Hex            0%         N/A       26%         1
 Call Imp                 Summ           0%         N/A       38%         2
 Poisonous Vapours        Pois/Air       0%         N/A       38%         2
 Confusing Touch          Hex            0%         N/A       63%         3
 Mephitic Cloud           Conj/Pois/Air  0%         N/A       63%         3
 Vampiric Draining        Necr           0%         2d6       63%         3
 Freezing Cloud           Conj/Ice/Air   0%         6-21      100%        5


Dungeon Overview and Level Annotations

Branches:
Dungeon (5/15) Zot: 24524
 Temple: D:4-7

Altars:
Fedhas
Makhleb

Shops:
D:4 =

Annotations:
D:3 2 transporters, redmage's ghost, weakling MeWr


Message History

The gnoll hits you with a +0 club.
You hit the gnoll but do no damage.
The gnoll is lightly wounded.
The gnoll barely misses you.
You barely miss the gnoll.
The gnoll is lightly wounded.
The gnoll hits you with a +0 club! The gnoll barely misses you.
You hit the gnoll.
The gnoll is heavily wounded.
The gnoll hits you with a +0 club.
You hit the gnoll but do no damage.
The gnoll is devoured by a tear in reality.
No target in view!
You start resting.
HP restored.
i - a scroll labelled CONEEB PETUI A scorpion comes into view.
Okay, then.
The scorpion stings you.
You thump the scorpion!
Space warps around the scorpion.
You punch the scorpion, but do no damage.
The scorpion is severely wounded.
The scorpion misses you.
You hit the scorpion.
You kill the scorpion!
Fedhas appreciates your contribution to the ecosystem.
No target in view!
A howler monkey comes into view.
Found a stone staircase leading down.
The howler monkey howls!
A howler monkey is nearby!
The howler monkey hoots and howls with incredible vigour!
You hear an angry hiss.
The howler monkey hits you.
You barely miss the howler monkey.
The howler monkey hits you but does no damage.
The howler monkey hoots and howls with incredible vigour!
You hear a bark!
You thump the howler monkey!
The howler monkey is severely wounded.
The howler monkey blinks!
The howler monkey hits you.
You sock the howler monkey!
You kill the howler monkey!
Fedhas appreciates your contribution to the ecosystem.
Your Maces & Flails skill increases to level 2!
No target in view!
Magic restored.
A hound comes into view.
A hound is nearby!
You sock the hound!
Space warps around the hound!
You kill the hound!
Fedhas appreciates your contribution to the ecosystem.
No target in view!
You see here a hound corpse.
You see here a hound corpse.
An adder comes into view.
An adder is nearby!
An adder is nearby!
No target in view!
No target in view!
The adder closely misses you.
You sock the adder!
The adder is almost dead.
The adder blinks!
You sock the adder!
You kill the adder!
Fedhas appreciates your contribution to the ecosystem.
No target in view!
A sky beast comes into view.
A sky beast is nearby!
A sky beast is nearby!
An iguana comes into view.
The sky beast hits you. The sky beast shocks you.
You thump the sky beast!
The sky beast is moderately wounded.
The sky beast blinks!
The iguana hisses angrily.
You sock the sky beast!
The sky beast is severely wounded.
The sky beast blinks!
You closely miss the sky beast.
The sky beast is severely wounded.
The sky beast hits you but does no damage.
You barely miss the sky beast.
The sky beast is severely wounded.
The sky beast hits you. The sky beast shocks you.
The iguana hisses menacingly.
You are too injured to fight recklessly!
You are too injured to fight recklessly!
You barely miss the iguana. The iguana bites you. The sky beast hits you.
The sky beast shocks you. The sky beast hits you.
* * * LOW HITPOINT WARNING * * *
The sky beast shocks you.
* * * LOW HITPOINT WARNING * * *
The iguana barely misses you.
Okay, then.
It was a potion of haste.
You feel yourself speed up. The iguana bites you!
You die...
Fedhas appreciates your contribution to the ecosystem.

#..##.#...#.....#
#####......##.#...#...
........#......##.#...
........#...#......##.
.........##.#...#....
............###.# ....
..........#...... .##
.......##Y#...#..
....... #hl# .#
....... #......#
....... ##..#....
##### ..# ..# ... .#
.... # ....# ....# ...


You could see a sky beast and an iguana.

Vanquished Creatures
  A scorpion (D:5)
  2 howler monkeys (D:5)
  4 hounds
  An orc wizard (D:5)
  19 gnolls
  3 adders
  A shadow imp (D:5)
  A white imp (D:5)
  A worm (D:2)
  2 dart slugs
  21 orcs
  11 endoplasms
  3 giant cockroaches (D:1)
  13 goblins
  11 hobgoblins
  10 jackals
  3 quokkas
  8 ball pythons
  A frilled lizard (D:1)
  14 kobolds
  5 rats
135 creatures vanquished.

Notes
Turn   | Place    | Note
-------+----------+-------------------------------------------
     0 | D:1      | Flugkiller the Deep Elf Shapeshifter began the quest for
                  | the Orb.
     0 | D:1      | Reached XP level 1. HP: 11/11 MP: 3/3
    12 | D:1      | Reached skill level 1 in Fighting
   132 | D:1      | Reached XP level 2. HP: 17/17 MP: 4/4
   574 | D:1      | Reached XP level 3. HP: 20/21 MP: 5/5
   918 | D:2      | Found a faded altar of an unknown god.
   928 | D:2      | Prayed at the altar of an unknown god.
   928 | D:2      | Became a worshipper of Fedhas Madash
   928 | D:2      | Reached * piety under Fedhas
  1092 | D:2      | You fall into a shaft and drop 2 floors!
  1748 | D:2      | Reached XP level 4. HP: 27/27 MP: 6/6
  2266 | D:3      | Found a transporter.
  2282 | D:3      | Noticed redmage's ghost (weakling MeWr)
  2315 | D:3      | Found a transporter.
  2556 | D:4      | Reached skill level 4 in Shapeshifting
  2556 | D:4      | Reached XP level 5. HP: 29/32 MP: 7/7
  2573 | D:4      | Reached ** piety under Fedhas
  2914 | D:4      | Found Netwiatz's Jewellery Shop.
  3059 | D:4      | Found a burning altar of Makhleb.
  3108 | D:4      | Reached skill level 1 in Invocations
  3354 | D:4      | Reached XP level 6. HP: 23/37 MP: 8/8
  3522 | D:4      | Reached *** piety under Fedhas
  3527 | D:4      | Identified the +0 buckler of Disguise {+Inv rF++ Int+2}
  4519 | D:5      | Entered Level 5 of the Dungeon
  4753 | D:5      | Reached **** piety under Fedhas
  4834 | D:5      | Reached skill level 5 in Shapeshifting
  5018 | D:4      | Reached skill level 1 in Maces & Flails
  5018 | D:4      | Reached XP level 7. HP: 43/43 MP: 10/10
  5416 | D:5      | Mangled by an iguana

Illustrated notes

Levels and vault maps discovered:
D:1:      minmay_arrival_stone_box, layout_loops_ring
D:2:      layout_basic, hellmonk_ecumenical_altar_slurped_away
D:3:      layout_rooms, gammafunk_ghost_mausoleum
D:4:      corexii_shantytown, layout_layer_cave, makhleb_heckhound_becter,
          serial_shops, shop, minmay_misc_feat_five
D:5:      cheibrodos_quashed, layout_basic, minmay_temple_entry_butterflies,
          hangedman_decor_points

Skill      XL: |  1  2  3  4  5  6  7 |
---------------+----------------------+-----
Fighting       | 1 2 3 4 |  4.0
Dodging        | 3 4 |  4.0
Shapeshifting  | 4 5 |  5.0
Invocations    | 1 2 |  2.9
Maces & Flails | 1 2 |  2.1
Unarmed Combat | |  2.4

Action                     |  1- 3 |  4- 6 |  7- 9 || total
---------------------------+-------+-------+-------++-------
  Melee: Unarmed           |   114 |     8 |       ||   122
         Punch             |     3 |     4 |     1 ||     8
         Dagger            |     9 |       |       ||     9
         Spear             |       |    88 |       ||    88
         Flail             |       |   105 |    25 ||   130
  Throw: Dart              |       |     6 |       ||     6
    Use: Scroll            |     4 |     3 |       ||     7
         Potion            |     1 |     4 |     1 ||     6
   Stab: Distracted        |     1 |       |       ||     1
         Sleeping          |     2 |     2 |       ||     4
 Armour: Animal skin       |    13 |    23 |     2 ||    38
         Skin              |     5 |    26 |       ||    31
  Dodge: Dodged            |    57 |   118 |    15 ||   190

Table legend: (Time is in decaauts)
 A = Elapsed time spent in this place.
 B = Non-inter-level travel time spent in this place.
 C = Inter-level travel time spent in this place.
 D = Time resting spent in this place.
 E = Time spent auto-exploring this place.
 F = Levels seen in this place.
 G = Mean time per level.
                   A        B        C        D        E       F      G
               +--------+--------+--------+--------+--------+-----+--------+
         Total |   5474 |   5253 |    221 |   1133 |   2613 |   5 | 1094.8 |
       Dungeon |   5474 |   5253 |    221 |   1133 |   2613 |   5 | 1094.8 |
               +--------+--------+--------+--------+--------+-----+--------+

Top non-repeatable levels by time:
     D:4: 2126 daAuts
     D:2: 1178 daAuts
     D:1: 965 daAuts
     D:5: 731 daAuts
     D:3: 472 daAuts
